[Event "*** SCC Grand Prix: Titled Tuesday Blitz"]
[Site "Chess.com"]
[Date "2020.07.21"]
[Round "9"]
[White "Artyom_ChessMate"]
[Black "Kobalia"]
[Result "0-1"]
[WhiteElo "2595"]
[BlackElo "2760"]
[TimeControl "180+1"]
[EndTime "11:48:43 PDT"]
[Termination "Kobalia won on time"]

1. e4 c6 2. d4 d5 3. exd5 cxd5 4. Bd3 Nc6 5. c3 Nf6 6. Bf4 Bg4 7. Qb3 Qd7 8. Nd2 e6 9. Ngf3 Bd6 10. Bxd6 Qxd6 11.
O-O O-O 12. Rae1 Qc7 13. Qc2 Rac8 14. Ne5 Nb4 15. Bxh7+ Nxh7 16. Qb3 Bf5 17. Qxb4 f6 18. Nef3 Bd3 19. Rxe6 Bxf1 20. Nxf1 Rfe8 21. Rxe8+ Rxe8 22. Qb5 Qc6 23. Qa5 Re2 24. Qb4 a5 25. Qb3 a4 26.
Qb4 Qc4 27. Qxb7 Qxa2 28. Qa8+ Nf8 29. h3 Rxb2 30. Ne3 Rxf2 31. Nh4 Re2 32. Nhf5 g6 33. Ne7+ Kf7 34. N7xd5 Rxe3 35. Nxe3 Qb3 36. Qa7+ Kg8 0-1

[Event "*** SCC Grand Prix: Titled Tuesday Blitz"]
[Site "Chess.com"]
[Date "2020.07.21"]
[Round "9"]
[White "LilRag"]
[Black "fmshawnrl123"]
[Result "0-1"]
[WhiteElo "2500"]
[BlackElo "2664"]
[TimeControl "180+1"]
[EndTime "11:48:43 PDT"]
[Termination "fmshawnrl123 won by resignation"]

1. d4 Nf6 2. c4 e6 3. Nc3 Bb4 4. Qc2 d5 5. cxd5 Qxd5 6. Nf3 Qf5 7. Qxf5 exf5 8. Bd2 c6 9. e3 Nbd7 10. Bd3 Nb6 11. O-O O-O 12. Rac1 h6 13. Rfd1 Be6 14.
a3 Be7 15. Ne2 Ne4 16. Nf4 Bb3 17. Bc2 Bxc2 18. Rxc2 g5 19. Nd3 Nd5 20. Be1 f6 21. Nd2 Nxd2 22. Bxd2 Kf7 23. Rdc1 Ke6 24. h3 h5 25. Bb4 a5 26. Bxe7 Kxe7 27. Nc5 Ra7 28. Nd3 Kd6 29. g3 Rf7 30. Nc5 b6 31. Nd3 Rfc7 32.
Kf1 Ra8 33. Kg2 Re8 34. b4 axb4 35. axb4 Ra8 36. g4 Ra3 37. Rd2 hxg4 38. hxg4 fxg4 39.
Kg3 f5 40. Ne5 f4+ 41. Kxg4 fxe3 42. Nc4+ Ke6 43. fxe3 Nxe3+ 44. Nxe3 Rxe3 45. d5+ Ke5 46. dxc6 Re4+ 47. Kxg5 Rxb4 48. Re1+ Re4 49. Rc1 Rd4 50. Rxd4 Kxd4 51. Kf5 Kd5 52. Kf4 Rxc6 53. Rxc6 Kxc6 54. Ke3 Kc5 55. Kd2 Kb4 56. Kc2 Ka3 57. Kc1 b5 58. Kc2 b4 59. Kb1 Kb3 0-1

[Event "*** SCC Grand Prix: Titled Tuesday Blitz"]
[Site "Chess.com"]
[Date "2020.07.21"]
[Round "9"]
[White "Duong57"]
[Black "Orest_Vovk"]
[Result "0-1"]
[WhiteElo "2300"]
[BlackElo "2398"]
[TimeControl "180+1"]
[EndTime "11:48:43 PDT"]
[Termination "Orest_Vovk won by checkmate"]

1. d4 h6 2. c4 g5 3. Nc3 Bg7 4. e4 c5 5. d5 Bxc3+ 6. bxc3 Qa5 7. Bd2 d6 8. h4 Nf6 9. Bd3 g4 10. f4 Nbd7 11. Ne2 Nh5 12. g3 b5 13. cxb5 c4 14.
Bxc4 Nc5 15. Qc2 f5 16. Bd3 O-O 17. c4 Qa3 18. Nc3 Nxg3 19. Rg1 Nxd3+ 20. Qxd3 Nxe4 21.
Ke2 Qc5 22. Be3 Qc7 23. Nxe4 fxe4 24. Qd4 Bf5 25. h5 Kf7 26. Rac1 Qa5 27. Rc2 Qa3 28.
Rd1 g3 29. Kf1 g2+ 30. Rxg2 Rg8 31. Rdd2 Qc1+ 32. Rd1 Qa3 33. Rxg8 Rxg8 34. c5 Bh3+ 35. Ke1 Rg3 36. Bf2 Rd3 37. Rxd3 exd3 38. cxd6 Qc1# 0-1

[Event "*** SCC Grand Prix: Titled Tuesday Blitz"]
[Site "Chess.com"]
[Date "2020.07.21"]
[Round "9"]
[White "m_ezat"]
[Black "MiroVlasenko"]
[Result "0-1"]
[WhiteElo "2585"]
[BlackElo "2743"]
[TimeControl "180+1"]
[EndTime "11:48:44 PDT"]
[Termination "MiroVlasenko won by checkmate"]

1. d4 Nc6 2. Nf3 d6 3. c4 Bg4 4.
Qd3 e5 5. d5 Nb8 6. c5 Nd7 7.
cxd6 Bxd6 8. Nc3 Ngf6 9. Bg5 O-O 10. Nd2 Nc5 11. Qc2 h6 12. Bh4 Bh5 13. e4 c6 14.
dxc6 bxc6 15. Bc4 g5 16. Bg3 Bg6 17. f3 Qe7 18. O-O Nh5 19. Bf2 Nf4 20. Rad1 Kg7 21. Nb3 Nce6 22. Na4 Rad8 23. a3 h5 24. Kh1 g4 25.
Bxe6 Qxe6 26. Nac5 Qe7 27. Nd3 gxf3 28. gxf3 Ne6 29.
Rg1 Kh7 30. Qe2 f5 31. exf5 Rxf5 32. Rxg6 Kxg6 33. Qe4 Qf7 34. Rg1+ Kh7 35. Bh4 Rg8 36. Rxg8 Kxg8 37. Kg2 c5 38. Nd2 Nd4 39. Bg3 Qg6 40. Nc4 Bc7 41. Ncxe5 Bxe5 42. Nxe5 Qf6 43. Qa8+ Kh7 44.
Qb7+ Kh6 45. Qxa7 Rxe5 46. Bxe5 Qxf3+ 47. Kg1 Ne2# 0-1

[Event "*** SCC Grand Prix: Titled Tuesday Blitz"]
[Site "Chess.com"]
[Date "2020.07.21"]
[Round "9"]
[White "diablanni"]
[Black "CroissantNeuf"]
[Result "1/2-1/2"]
[WhiteElo "2337"]
[BlackElo "2442"]
[TimeControl "180+1"]
[EndTime "11:48:44 PDT"]
[Termination "Game drawn by repetition"]

1. e4 c6 2. d4 d5 3. Nc3 dxe4 4. Nxe4 Nf6 5. Nxf6+ exf6 6. c3 Bd6 7. Bd3 O-O 8. Qc2 Re8+ 9. Ne2 h5 10. Bd2 Nd7 11. O-O-O Nf8 12. f3 Be6 13. Kb1 b5 14. h4 a5 15. Nf4 Bxf4 16. Bxf4 Qd5 17. a3 Qa2+ 18. Kc1 Bb3 19. Qb1 Qxb1+ 20. Bxb1 Bxd1 21. Rxd1 Re2 22. g3 Ne6 23. Bd2 Rd8 24. Be4 c5 25. d5 f5 26. Bd3 Rg2 27. Bf1 Rxg3 28.
dxe6 fxe6 29. Bxb5 Rxf3 30. Bc4 Rd6 31. Re1 Kf7 32.
Bg5 Rf2 33. Re5 f4 34. Rxc5 f3 35. Rf5+ Kg6 36. Rf8 e5 37. Bf7+ Kh7 38. Bg8+ Kg6 39. Be3 Rf1+ 40. Kc2 e4 41. Bf7+ Kh7 42. Bg8+ Kg6 43.
Bf7+ Kh7 44. Bg8+ Kg6 1/2-1/2

[Event "*** SCC Grand Prix: Titled Tuesday Blitz"]
[Site "Chess.com"]
[Date "2020.07.21"]
[Round "9"]
[White "Fischerev7"]
[Black "Nayemhaque22"]
[Result "1-0"]
[WhiteElo "2352"]
[BlackElo "2195"]
[TimeControl "180+1"]
[EndTime "11:48:44 PDT"]
[Termination "Fischerev7 won by resignation"]

1. e4 c5 2. Nf3 Nc6 3. d4 cxd4 4. Nxd4 Nf6 5. Nc3 e5 6. Ndb5 d6 7. Bg5 a6 8. Na3 b5 9. Nd5 Be7 10. Bxf6 Bxf6 11. c4 b4 12. Nc2 O-O 13. g3 a5 14.
Bg2 Rb8 15. b3 Bg5 16. O-O Be6 17. h4 Bh6 18. Qd3 g6 19. a3 Bg7 20. axb4 axb4 21. Ra6 Nd4 22. Rfa1 Bxd5 23. exd5 e4 24. Bxe4 Nxc2 25.
Qxc2 Bxa1 26. Rxa1 Ra8 27. Rxa8 Qxa8 28. c5 dxc5 29.
Qxc5 Qa1+ 30. Kg2 Qc3 31. Qe7 Qxb3 32. h5 Qc3 33. d6 Qd4 34. d7 b3 35. h6 b2 36. Bb1 Qd5+ 37. Be4 Qd4 38. Bc2 Ra8 39. Qe8+ 1-0

[Event "*** SCC Grand Prix: Titled Tuesday Blitz"]
[Site "Chess.com"]
[Date "2020.07.21"]
[Round "9"]
[White "szachuspl"]
[Black "Shushik"]
[Result "1-0"]
[WhiteElo "2561"]
[BlackElo "2240"]
[TimeControl "180+1"]
[EndTime "11:48:45 PDT"]
[Termination "szachuspl won by checkmate"]

1. d4 d5 2. c4 e6 3. Nc3 Be7 4.
Nf3 Nf6 5. Bf4 O-O 6. e3 c5 7. dxc5 Bxc5 8. a3 dxc4 9. Bxc4 a6 10. O-O b5 11. Be2 Bb7 12. b4 Bb6 13. Qb3 Nd5 14. Bg3 Qe7 15. Rac1 Nxc3 16. Qxc3 Nd7 17. Rfd1 Rac8 18. Qd2 Rxc1 19. Qxc1 Rc8 20. Qd2 Nf6 21. Be5 Nd5 22. h3 f6 23. Bd4 Bxd4 24. Nxd4 Nc3 25. Rc1 Nxe2+ 26. Nxe2 Rxc1+ 27. Qxc1 Qd6 28. Nd4 Qd5 29.
f3 Qd6 30. Kf2 Kf7 31. Qc3 g6 32. Nb3 Bd5 33. Nd2 Qc6 34. Qd4 Qc2 35. Kg3 Qc7+ 36. Kf2 Qc2 37. e4 Bb7 38. Ke2 Qc7 39. Ke3 g5 40. Nb3 Kg6 41. Nc5 Qf4+ 42. Kf2 Bc8 43. Qd8 Qb8 44. Qg8+ Kh6 45. Qf8+ Kg6 46. Kg1 e5 47.
Kh2 f5 48. exf5+ Kh5 49. g4+ Kh4 50. Qh6# 1-0

[Event "*** SCC Grand Prix: Titled Tuesday Blitz"]
[Site "Chess.com"]
[Date "2020.07.21"]
[Round "9"]
[White "KaspMagAlpha"]
[Black "Xeniya2005"]
[Result "0-1"]
[WhiteElo "2224"]
[BlackElo "2375"]
[TimeControl "180+1"]
[EndTime "11:48:46 PDT"]
[Termination "Xeniya2005 won on time"]

1. d4 Nf6 2. c4 b6 3. a3 Bb7 4.
Nf3 e6 5. g3 d5 6. cxd5 Nxd5 7.
Bg2 Be7 8. O-O O-O 9. e4 Nf6 10. e5 Nd5 11. Nc3 Nd7 12. h4 c5 13. Re1 Rc8 14. Ne4 cxd4 15. Qxd4 Nc5 16. Nxc5 Bxc5 17. Qd3 Qe7 18. Ng5 g6 19. b4 Rfd8 20. bxc5 Nf4 21. Qxd8+ Rxd8 22. Bxf4 Bxg2 23. Kxg2 Qb7+ 24. Kg1 bxc5 25.
Ne4 Qc6 26. Rac1 c4 27. Nf6+ Kg7 28. Ng4 Rd3 29. Bh6+ Kg8 30. Nf6+ Kh8 31. Rb1 Qc7 32. Red1 Qxe5 33. Rxd3 cxd3 34. Ng4 Qc7 35. Bf4 Qd7 36. Be5+ f6 37. Nxf6 Qa4 38. Rb8+ Kg7 39. Ng4+ Kf7 0-1

[Event "*** SCC Grand Prix: Titled Tuesday Blitz"]
[Site "Chess.com"]
[Date "2020.07.21"]
[Round "9"]
[White "Matols"]
[Black "petincash"]
[Result "0-1"]
[WhiteElo "2207"]
[BlackElo "2356"]
[TimeControl "180+1"]
[EndTime "11:48:47 PDT"]
[Termination "petincash won on time"]

1. d4 Nf6 2. c4 g6 3. g3 Bg7 4. Bg2 O-O 5. Nc3 d6 6. Nf3 Nc6 7. O-O Bf5 8. d5 Na5 9. Nd2 c6 10.
e4 Bg4 11. f3 Bd7 12. Kh1 Rc8 13. Qe2 Qb6 14. Rb1 cxd5 15. cxd5 e6 16. dxe6 Bxe6 17.
Na4 Qd4 18. b3 Rc2 19. Rd1 Bh6 20. Rb2 Rfc8 21. Rxc2 Rxc2 22. Qe1 Rxc1 23. Rxc1 Qxd2 24. Qxd2 Bxd2 25. Rc7 Ne8 26. Rc2 Bb4 27. f4 Kf8 28. Bf3 Ke7 29. Kg2 Kd7 30. Kf1 Nc7 31. Ke2 Nb5 32.
Kd3 Na3 33. Rc1 Nc6 34. Nb2 Bc5 35. Bg2 Nb4+ 36. Ke2 Nxa2 37. Ra1 Nc3+ 38. Kd3 Ncb5 39. Na4 Bb4 40. e5 Bf5+ 0-1

[Event "*** SCC Grand Prix: Titled Tuesday Blitz"]
[Site "Chess.com"]
[Date "2020.07.21"]
[Round "9"]
[White "AlexOstrovskiy"]
[Black "Igor_Lysyj"]
[Result "1-0"]
[WhiteElo "2642"]
[BlackElo "2804"]
[TimeControl "180+1"]
[EndTime "11:48:48 PDT"]
[Termination "AlexOstrovskiy won by resignation"]

1. d4 d5 2. Bf4 c5 3. e3 cxd4 4.
exd4 Nc6 5. c3 Bf5 6. Bd3 Bxd3 7.
Qxd3 e6 8. Nf3 Nge7 9. O-O Ng6 10. Bg3 h5 11. h3 h4 12. Bh2 Bd6 13. Re1 Bxh2+ 14. Nxh2 Qg5 15. Ng4 O-O 16. Qe3 Nf4 17. Nd2 f5 18. Nf3 Qh5 19. Qxf4 fxg4 20. Qxg4 Qxg4 21.
hxg4 Rae8 22. Nxh4 e5 23. Ng6 Rf6 24. Nxe5 Na5 25. f3 Rc8 26. Re2 b5 27. a4 Nb3 28.
Ra3 bxa4 29. Rxa4 a5 30. Ra3 Rb6 31. Nd3 Rb5 32. Re5 Nd2 33. Re7 Nc4 34. Ra2 Rcb8 35. b4 Ra8 36. bxa5 Rbxa5 37. Rxa5 Rxa5 38. Nf4 Kf8 39. Rd7 Ra2 40. Nxd5 Ke8 41. Rxg7 Ra5 42. Nc7+ Kf8 43.
Ne6+ Ke8 44. f4 Ne3 45. f5 Ra6 46. Nc7+ Kf8 47. Nxa6 Kxg7 48. Kf2 Nxg4+ 49. Kf3 Nh2+ 50. Kf4 1-0

[Event "*** SCC Grand Prix: Titled Tuesday Blitz"]
[Site "Chess.com"]
[Date "2020.07.21"]
[Round "9"]
[White "novocane"]
[Black "elohunter1999"]
[Result "1/2-1/2"]
[WhiteElo "2271"]
[BlackElo "2450"]
[TimeControl "180+1"]
[EndTime "11:48:49 PDT"]
[Termination "Game drawn by repetition"]

1. d4 Nf6 2. c4 g6 3. Nc3 d5 4. cxd5 Nxd5 5. e4 Nxc3 6. bxc3 Bg7 7. Qa4+ Nd7 8. Nf3 O-O 9. Be3 c5 10. Rd1 Nb6 11. Qa3 cxd4 12. cxd4 Bg4 13. Be2 Bxf3 14. gxf3 Qd7 15. O-O Rfc8 16. Kh1 Nc4 17. Qb3 b5 18. Rg1 a5 19. Rg5 Nxe3 20. Bxb5 Qh3 21. Rg3 Qxg3 22. hxg3 Nxd1 23. Qxd1 Rc3 24. a4 Rac8 25. Kg2 h5 26.
Qd2 Rc2 27. Qd1 Rb2 28. e5 Rcc2 29. Qe1 Rd2 30. Qe3 f6 31. f4 f5 32. d5 Kh7 33. Qc5 Rdc2 34. Qe3 Rd2 35. Bc6 Rdc2 36. Bb5 Rd2 1/2-1/2

[Event "*** SCC Grand Prix: Titled Tuesday Blitz"]
[Site "Chess.com"]
[Date "2020.07.21"]
[Round "9"]
[White "Azoulas1"]
[Black "Sn00pPawn"]
[Result "0-1"]
[WhiteElo "1984"]
[BlackElo "1802"]
[TimeControl "180+1"]
[EndTime "11:48:49 PDT"]
[Termination "Sn00pPawn won by checkmate"]

1. c4 e5 2. Nc3 Nf6 3. g3 Nc6 4. Bg2 Bb4 5. e3 Bxc3 6. bxc3 e4 7. Ne2 Ne5 8. O-O Nxc4 9. d3 exd3 10. Qxd3 Ne5 11.
Qf5 d6 12. Qc2 O-O 13. Rb1 d5 14. Ba3 Re8 15. Rfd1 c6 16. Nf4 Nc4 17. Bc5 Nd7 18.
Bd4 Na3 19. Qf5 Ne5 20. Qh5 Bg4 21. Qh4 g5 22. Qh6 gxf4 23. exf4 Re6 24. Qh4 Qxh4 25. gxh4 Nf3+ 26. Kh1 Nxb1 27. Rxb1 Nxd4 28. cxd4 Re7 29. h3 Bf5 30. Kh2 Bxb1 31. Bf3 Bxa2 32. h5 Bc4 33. h4 a5 34. Bd1 a4 35. Bc2 a3 36. Bb1 a2 37. Bxa2 Rxa2 38. Kg3 Ree2 39. Kg4 Rxf2 40. Kf5 Rae2 41. Kg5 Rg2+ 42. Kf6 Re6+ 43. Kf5 Bd3# 0-1

[Event "*** SCC Grand Prix: Titled Tuesday Blitz"]
[Site "Chess.com"]
[Date "2020.07.21"]
[Round "9"]
[White "CzechmVIII"]
[Black "m-garcett"]
[Result "0-1"]
[WhiteElo "2182"]
[BlackElo "2069"]
[TimeControl "180+1"]
[EndTime "11:48:51 PDT"]
[Termination "m-garcett won by resignation"]

1. e4 c6 2. d4 d5 3. e5 Bf5 4.
Nc3 e6 5. g4 h6 6. gxf5 exf5 7.
Bd3 g6 8. Be3 Be7 9. Qd2 Nd7 10.
O-O-O a5 11. Kb1 b5 12. Nce2 b4 13. Nf3 Qb6 14. h4 a4 15. h5 b3 16. cxb3 axb3 17. axb3 Qxb3 18. Nc3 Ba3 19. Qc2 Qb4 20. hxg6 fxg6 21.
Bc1 Ne7 22. Rhg1 Kf7 23. e6+ Kxe6 24. Rde1+ Kf7 25. Ne5+ Nxe5 26. dxe5 d4 27. Ne2 Nd5 28.
Bc4 Rhb8 29. Nxd4 Qc5 30. Bxd5+ Qxd5 31. Nxc6 Bxb2 32. e6+ Kg8 33. Bxb2 Qa2+ 34. Kc1 Rc8 35. Kd1 Qd5+ 36. Ke2 Rxc6 37. Qd2 Rxe6+ 38. Kf1 Qxd2 39. Rxe6 Qd3+ 40. Ke1 Qb1+ 41. Ke2 Qxb2+ 42. Kf3 Qb3+ 43.
Kf4 Qxe6 0-1

[Event "*** SCC Grand Prix: Titled Tuesday Blitz"]
[Site "Chess.com"]
[Date "2020.07.21"]
[Round "9"]
[White "FabianoCaruana"]
[Black "GigaQuparadze"]
[Result "0-1"]
[WhiteElo "3034"]
[BlackElo "2885"]
[TimeControl "180+1"]
[EndTime "11:48:52 PDT"]
[Termination "GigaQuparadze won by resignation"]

1. e4 c5 2. Nf3 e6 3. d4 cxd4 4. Nxd4 a6 5. Bd3 Nc6 6. Nxc6 dxc6 7. O-O e5 8. a4 Nf6 9. a5 Be6 10. Qe2 Bc5 11. Be3 Bxe3 12. Qxe3 O-O 13. Nd2 Qc7 14.
h3 Rad8 15. Nf3 h6 16. Rfd1 Nd7 17. Bf1 Rfe8 18. Rd2 Nf8 19. b4 Rxd2 20. Qxd2 Rd8 21. Qe3 Ng6 22. g3 Qc8 23. Kh2 Rd7 24. Ne1 Rd8 25.
h4 Qc7 26. Be2 Nf8 27. Ra3 Nd7 28. c3 Nf6 29. f3 Qd6 30. Bd3 Rc8 31. Ra1 c5 32. b5 c4 33. bxa6 Qxa6 34. Be2 Qb5 35.
Kg2 Ra8 36. Qd2 Nd7 37. Qa2 Nc5 38. Qa3 b6 39. Qb4 Rxa5 40. Qxb5 Rxb5 41. Kf2 Rb3 42. Rc1 Na4 43. f4 Nxc3 44. Bf3 f6 45. Nc2 b5 46.
Ne3 b4 47. Rc2 Rb1 48. Rd2 b3 49. Rd8+ Kh7 50. Bh5 exf4 51. gxf4 Nxe4+ 52. Kf3 f5 53. Re8 Nf6 54. Rxe6 Nxh5 55. Nxc4 Rf1+ 0-1

[Event "*** SCC Grand Prix: Titled Tuesday Blitz"]
[Site "Chess.com"]
[Date "2020.07.21"]
[Round "9"]
[White "DishonorOnYourCow"]
[Black "chalowey97"]
[Result "1-0"]
[WhiteElo "2320"]
[BlackElo "2141"]
[TimeControl "180+1"]
[EndTime "11:48:52 PDT"]
[Termination "DishonorOnYourCow won on time"]

1. d4 d5 2. c4 dxc4 3. Nf3 Nf6 4.
e3 Bg4 5. Bxc4 e6 6. O-O a6 7. Nbd2 Nbd7 8. h3 Bh5 9. b3 b5 10. Be2 c5 11. Bb2 Be7 12. a4 b4 13. Nc4 O-O 14. Nfe5 Bg6 15. Nc6 Qe8 16. Nxe7+ Qxe7 17. Bf3 Rad8 18. Qe2 Rfe8 19. Na5 Nb8 20. Nb7 cxd4 21.
Nxd8 d3 22. Qd2 Rxd8 23. Bxf6 Qxf6 24. Qxb4 e5 25. Rad1 Qe6 26. Be4 Bxe4 27. Qxe4 f5 28. Qh4 Rd7 29. Qb4 Nc6 30. Qb6 a5 31. Rc1 Rd6 32. e4 fxe4 33. Qe3 Rd4 34. Rc5 Nb4 35. Rxa5 Nc2 36. Ra8+ Kf7 37. Qg5 Qe7 38. Qh5+ Kf6 39. Ra6+ Rd6 40. Qh4+ Ke6 41. Rxd6+ Kxd6 42. Qxe4 Ke6 43.
Qxd3 Nb4 44. Qc4+ Nd5 45. Rd1 Qd6 46. a5 1-0

[Event "*** SCC Grand Prix: Titled Tuesday Blitz"]
[Site "Chess.com"]
[Date "2020.07.21"]
[Round "9"]
[White "bmt011"]
[Black "Fortitudine"]
[Result "0-1"]
[WhiteElo "2119"]
[BlackElo "2270"]
[TimeControl "180+1"]
[EndTime "11:48:52 PDT"]
[Termination "Fortitudine won on time"]

1. d4 Nf6 2. Bf4 g6 3. e3 Bg7 4. h3 d6 5. Nf3 O-O 6. Be2 Nfd7 7.
Bh2 Nc6 8. O-O e5 9. c4 exd4 10. exd4 Re8 11. Nc3 a6 12. Qd2 Nf6 13. Bd3 Ne7 14.
Rad1 Bf5 15. c5 Bxd3 16. Qxd3 dxc5 17. dxc5 Qxd3 18. Rxd3 c6 19. Rfd1 Ned5 20. Ne5 Bf8 21. Na4 Re6 22. Nc4 Re2 23. Be5 Re8 24. f4 Nd7 25.
Kf1 Nxe5 26. Nxe5 Re4 27. Nb6 Ne3+ 28. Ke2 Nxd1+ 29. Kxd1 Rxf4 30. Nbd7 Rf5 31. g3 h6 32. g4 Rf4 33. Rd6 Bxd6 0-1

[Event "*** SCC Grand Prix: Titled Tuesday Blitz"]
[Site "Chess.com"]
[Date "2020.07.21"]
[Round "9"]
[White "Gandrade2"]
[Black "Walter_White_Poland"]
[Result "1-0"]
[WhiteElo "2101"]
[BlackElo "2216"]
[TimeControl "180+1"]
[EndTime "11:48:52 PDT"]
[Termination "Gandrade2 won on time"]

1. d4 Nf6 2. c4 c5 3. d5 e6 4. Nc3 exd5 5. cxd5 d6 6. e4 g6 7. h3 Bg7 8. Nf3 O-O 9. Bd3 b5 10. O-O a6 11. Re1 Bb7 12. Bf4 Qb6 13. Rc1 Nbd7 14. a3 Rfe8 15. b4 Rac8 16. Qd2 Nh5 17. Be3 Qd8 18. Bg5 Bf6 19. Bxf6 Qxf6 20. Ne2 c4 21.
Bb1 Ne5 22. Nxe5 Qxe5 23. Rc3 Rc7 24. g3 Bc8 25. Kg2 Nf6 26. Nd4 Bb7 27. Nf3 Qe7 28.
Qg5 Nd7 29. Qf4 Ne5 30. Ng5 h6 31. Nf3 Nxf3 32. Qxf3 Bxd5 33. Rd1 Bb7 34. Qf4 Qe5 35. Qxe5 dxe5 36. Rf3 Kg7 37. g4 Re6 38. Re3 c3 39. Bc2 f5 40. f3 fxe4 41. fxe4 Rf6 42. Rdd3 Rcf7 43. Rxc3 Rf2+ 44. Kg3 Rf1 45. Re2 1-0

[Event "*** SCC Grand Prix: Titled Tuesday Blitz"]
[Site "Chess.com"]
[Date "2020.07.21"]
[Round "9"]
[White "Sanan_Sjugirov"]
[Black "okriak"]
[Result "0-1"]
[WhiteElo "2971"]
[BlackElo "2728"]
[TimeControl "180+1"]
[EndTime "11:48:54 PDT"]
[Termination "okriak won on time"]

1. d4 d5 2. c4 e6 3. Nc3 c6 4.
Nf3 dxc4 5. a4 Bb4 6. e3 b5 7. Bd2 a5 8. axb5 Bxc3 9. Bxc3 cxb5 10. b3 Bb7 11. bxc4 b4 12. Bb2 Nf6 13. Bd3 O-O 14. O-O Nbd7 15. Nd2 e5 16. Bc2 Qc7 17. Re1 Rfe8 18. d5 Nb6 19. e4 Nfd7 20. f4 f6 21.
fxe5 Nxe5 22. Bd4 Nbxc4 23. Nxc4 Qxc4 24. Bb3 Qa6 25. Bxe5 Rxe5 26. Qd4 Qd6 27. Rec1 Kf8 28. Ba4 Rd8 29. Bb5 Bxd5 30. exd5 Rxd5 31. Qe4 Qb6+ 32.
Kh1 Qxb5 33. Qxh7 Kf7 34. h3 R8d7 35. Re1 b3 36. Rab1 a4 37. Qe4 Re5 38. Qg4 Rxe1+ 39. Rxe1 b2 40. Qe4 Rd6 41. Qe7+ Kg6 42. Qxd6 b1=Q 0-1

[Event "*** SCC Grand Prix: Titled Tuesday Blitz"]
[Site "Chess.com"]
[Date "2020.07.21"]
[Round "9"]
[White "PavelChernomordik"]
[Black "ExcitingTrap"]
[Result "1-0"]
[WhiteElo "2356"]
[BlackElo "2215"]
[TimeControl "180+1"]
[EndTime "11:48:54 PDT"]
[Termination "PavelChernomordik won on time"]

1. e4 e6 2. Qe2 e5 3. Nf3 Nc6 4. Qe3 Nf6 5. Bc4 Be7 6. d3 O-O 7. O-O d6 8. a3 Be6 9. Nbd2 Qd7 10. Qe2 h6 11. c3 Rfe8 12. b4 a6 13. Nb3 Bxc4 14.
dxc4 Bf8 15. h3 Qe6 16. Rd1 Ne7 17. Nh4 b5 18. Na5 g5 19. Nf3 Ng6 20. Re1 Nf4 21. Bxf4 gxf4 22. Nh4 Kh7 23. cxb5 axb5 24. Qxb5 Nh5 25.
Qc4 Qf6 26. Nf5 f3 27. g3 Rac8 28. Qd3 Qg5 29. Qxf3 Ng7 30. Ne3 Be7 31. Nc6 Rf8 32. h4 Qf6 33. Qxf6 Bxf6 34. Nd5 Bd8 35. f3 Ne6 36. a4 Rg8 37. Kf2 h5 38. Nxd8 Rgxd8 39. a5 c6 40. Nb6 Rc7 41. Red1 Ra7 42. Nc4 d5 43. Nxe5 Rc8 44. Ra3 1-0

[Event "*** SCC Grand Prix: Titled Tuesday Blitz"]
[Site "Chess.com"]
[Date "2020.07.21"]
[Round "9"]
[White "dopolian"]
[Black "Roza_Idrisova"]
[Result "1-0"]
[WhiteElo "2416"]
[BlackElo "2243"]
[TimeControl "180+1"]
[EndTime "11:48:55 PDT"]
[Termination "dopolian won by resignation"]

1. Nf3 d5 2. d4 c6 3. b3 Nf6 4.
Bb2 Bg4 5. e3 e6 6. Be2 Be7 7.
c4 O-O 8. Nbd2 a5 9. a3 Nbd7 10.
O-O Re8 11. Ne5 Bf5 12. Rc1 h6 13. f4 Ne4 14. g4 Bh7 15. Bf3 Nxd2 16. Qxd2 f6 17. Nxd7 Qxd7 18. Qe2 Bd6 19. Rfd1 Qe7 20. c5 Bc7 21. Qf2 e5 22. f5 exd4 23. exd4 Qe3 24. Qxe3 Rxe3 25. Rc3 Rae8 26. Kf2 Rxc3 27. Bxc3 g6 28.
fxg6 Bxg6 29. h3 Kf7 30. Re1 Rxe1 31. Kxe1 Bc2 32. Bd1 Be4 33. Kf2 f5 34. Bd2 Kg6 35.
Be3 b6 36. b4 axb4 37. axb4 bxc5 38. bxc5 f4 39. Bd2 Kg5 40. Ba4 Kh4 41. Bxc6 Kxh3 42.
Bd7 Kh4 43. Be6 Kg5 44. Bc1 h5 45. gxh5 Kxh5 46. Bd2 Kg5 47. Bb4 Kh4 48. Be1 Kg5 49.
Ke2 f3+ 50. Kf2 Bf4 51. Ba5 Kh4 52. Bd8+ Kh5 53. c6 Kg6 54. c7 Bxc7 55. Bxc7 Kf6 56. Bg4 Kg5 57. Bxf3 Kf5 58. Bxe4+ Kxe4 59. Be5 Kd3 60.
Kf3 Kd2 61. Kf4 Kd3 62. Kf5 Kc4 63. Ke6 1-0

[Event "*** SCC Grand Prix: Titled Tuesday Blitz"]
[Site "Chess.com"]
[Date "2020.07.21"]
[Round "9"]
[White "Th3_Hound"]
[Black "Zhani-Z"]
[Result "1-0"]
[WhiteElo "2599"]
[BlackElo "2427"]
[TimeControl "180+1"]
[EndTime "11:48:57 PDT"]
[Termination "Th3_Hound won on time"]

1. e4 e5 2. Nf3 Nc6 3. Bb5 a6 4. Ba4 d6 5. c3 f5 6. exf5 Bxf5 7. d4 e4 8. d5 exf3 9. dxc6 b5 10. Bb3 fxg2 11.
Qe2+ Qe7 12. Rg1 Qxe2+ 13. Kxe2 Nf6 14. Rxg2 Be4 15. f3 Bxc6 16. Bg5 O-O-O 17. Nd2 d5 18. a4 Kb7 19. axb5 axb5 20. Kd3 Bc5 21. Bh4 Rd7 22. Re1 Rf8 23. Re6 Nh5 24. Bg3 Nf4+ 25. Bxf4 Rxf4 26. Bd1 b4 27. Nb3 Bb6 28. Nd4 Bxd4 29.
cxd4 Rdf7 30. Ke3 Rh4 31. Be2 g6 32. Rg1 Bd7 33. Re5 c6 34. Ra1 Rxh2 35. Ra4 Rh4 36. Rxb4+ Kc7 37. Ra4 c5 38. Ra7+ Kd6 39. Ra6+ Bc6 40.
Re8 cxd4+ 41. Kf2 Rh2+ 42. Kg3 Rxe2 43. Rxe2 Rb7 44. Rc2 Rc7 45. b4 d3 46. Rd2 Rb7 47.
Rb2 Kc7 48. Kf4 Rb6 49. Ra7+ Rb7 50. Ra5 1-0

[Event "*** SCC Grand Prix: Titled Tuesday Blitz"]
[Site "Chess.com"]
[Date "2020.07.21"]
[Round "9"]
[White "Shuvalov"]
[Black "monalize"]
[Result "1-0"]
[WhiteElo "2489"]
[BlackElo "2267"]
[TimeControl "180+1"]
[EndTime "11:48:57 PDT"]
[Termination "Shuvalov won on time"]

1. Nf3 b6 2. e4 Bb7 3. Nc3 c5 4. d4 cxd4 5. Nxd4 a6 6. Bd3 e6 7. O-O Qc7 8. Be3 Nf6 9. f4 h5 10. h3 d6 11. e5 dxe5 12. Nxe6 fxe6 13. Bg6+ Ke7 14. fxe5 Qxe5 15. Qd2 Nbd7 16. Rae1 Qc7 17. Bf4 Qc6 18. Bg5 Kd8 19. Rxf6 gxf6 20. Bxf6+ Kc7 21.
Bxh8 Bc5+ 22. Kh1 Rxh8 23. Ne4 Qd5 24. Qe2 Rg8 25. Bxh5 Qe5 26. Bf3 Bxe4 27. Qxe4 Qxe4 28. Rxe4 Kd6 29. b4 Bf2 30. c3 Bg3 31. Bg4 e5 32.
Re3 Bf4 33. Rd3+ Kc6 34. Bxd7+ Kc7 35. Be6 Rg6 36. Bf5 Rg5 37. Be4 Rg7 38. Kg1 Bg3 39. Kf1 Rf7+ 40. Rf3 Rg7 41. Ke2 Kd6 42. Kd3 a5 43. a3 1-0

[Event "*** SCC Grand Prix: Titled Tuesday Blitz"]
[Site "Chess.com"]
[Date "2020.07.21"]
[Round "9"]
[White "Klavdia_Nik"]
[Black "MarceloPlaya"]
[Result "0-1"]
[WhiteElo "2024"]
[BlackElo "2265"]
[TimeControl "180+1"]
[EndTime "11:48:57 PDT"]
[Termination "MarceloPlaya won on time"]

1. Nf3 e6 2. c4 Nf6 3. b3 d5 4. Bb2 Be7 5. g3 O-O 6. Bg2 c5 7. O-O Nc6 8. d3 b6 9. cxd5 exd5 10. d4 Bf5 11. Nc3 Ne4 12. Rc1 Bf6 13. e3 Nxc3 14. Bxc3 Be4 15. dxc5 bxc5 16. Bxf6 Qxf6 17. Rxc5 Rad8 18.
Nd4 Ne5 19. h3 Bxg2 20. Kxg2 Rfe8 21. Qc2 h5 22. Qf5 Qd6 23. Rc2 g6 24. Qf4 Qa6 25. Rd1 Nd3 26. Qg5 Nb4 27. Rcd2 Qd6 28. a3 Na6 29. b4 Nc7 30. Nf5 Qe6 31. g4 Qe4+ 32. Kg1 Qe6 33. Nd4 Qe5 34. Qxe5 Rxe5 35. Ne2 hxg4 36.
hxg4 Re4 37. Rd4 f5 38. gxf5 gxf5 39. Ng3 Re5 40. Kg2 Ne6 0-1

[Event "*** SCC Grand Prix: Titled Tuesday Blitz"]
[Site "Chess.com"]
[Date "2020.07.21"]
[Round "9"]
[White "Iljushin_Alexey"]
[Black "Harry_Rakkel"]
[Result "1-0"]
[WhiteElo "2694"]
[BlackElo "2543"]
[TimeControl "180+1"]
[EndTime "11:48:58 PDT"]
[Termination "Iljushin_Alexey won by checkmate"]

1. d4 Nf6 2. c4 e6 3. Nc3 d5 4.
Nf3 Nbd7 5. cxd5 exd5 6. Bg5 c6 7. e3 Be7 8. Bd3 O-O 9. Qc2 Re8 10. h4 a5 11.
Bxf6 Nxf6 12. Ne5 c5 13. Bb5 Rf8 14. O-O-O c4 15. a4 Bb4 16. f3 Ne8 17. e4 Bxc3 18. bxc3 f6 19. exd5 fxe5 20. dxe5 Bf5 21. Qf2 Bd3 22. d6 Kh8 23. Qd4 Nc7 24. dxc7 Qxc7 25. f4 Rad8 26. Qe3 Qe7 27. Kb2 Rd5 28. g3 Rfd8 29.
Qb6 Be2 30. Rxd5 Rxd5 31. Rc1 h6 32. Rc2 Bd1 33. Rf2 Bb3 34. Qxa5 Qc5 35. Qa8+ Kh7 36.
Re2 Rd1 37. Qxb7 Qg1 38. Qe4+ Kh8 39. Qe3 Qf1 40. e6 Ra1 41. Re1 Rxe1 42. Qd4 Re2+ 43. Ka3 Qc1+ 44. Kb4 Rxe6 45. Qd8+ Kh7 46. Bd7 Rf6 47.
f5 Qb1 48. Be6 Bc2+ 49. Kc5 Bxf5 50. Qg8+ Kg6 51. Qe8+ Kh7 52. Bg8+ Kh8 53. Bf7+ Kh7 54. Qg8# 1-0